 Dungeon Crawl Stone Soup version 0.28-a0-1624-g820543e53a (webtiles) character file.

Game seed: 12239848964023379201

126 Sabo the Sneak (level 5, -9/42 HPs)
             Began as a Naga Fire Elementalist on Jan 23, 2022.
             Was a Follower of Sif Muna.
             Mangled by a gnoll (15 damage)
             ... on level 4 of the Dungeon.
             The game lasted 00:25:50 (4328 turns).

Sabo the Sneak (Naga Fire Elementalist)             Turns: 4328, Time: 00:25:51

Health: -9/42      AC:  4    Str: 10    XL:     5   Next: 9%
Magic:  7/8        EV: 10    Int: 18    God:    Sif Muna [*.....]
Gold:   117        SH:  0    Dex: 11    Spells: 5/9 levels left

rFire   . . .      SeeInvis +   g - +2 short sword (venom)
rCold   . . .      Faith    .   (no shield)
rNeg    . . .      Spirit   .   a - +0 robe
rPois   +          Reflect  .   h - +0 helmet
rElec   .          Harm     .   k - +0 cloak
rCorr   .          Rampage  .   (no gloves)
Will    .....                   (no barding)
Stlth   ++........              (no amulet)
HPRegen 0.14/turn               (no ring)
MPRegen 0.11/turn               (no ring)

@: very slow
A: AC +1, large, see invisible, deformed body, poison resistance, slowness 2,
spit poison 1, naga tail 1
a: Spit Poison, Renounce Religion, Channel Magic


You were on level 4 of the Dungeon.
You worshipped Sif Muna.
Sif Muna was aware of your devotion.
You visited 1 branch of the dungeon, and saw 4 of its levels.

You collected 117 gold pieces.

Inventory:

Hand Weapons
 g - a +2 short sword of venom (weapon)
 i - a +1 hand axe
Missiles
 b - 21 bolts
 e - 14 poisoned darts
 l - a boomerang
 n - 37 sling bullets
 p - 5 curare-tipped darts
Armour
 a - a +0 robe (worn)
 h - a +0 helmet (worn)
 k - a +0 cloak (worn)
Potions
 c - a potion of cancellation {unknown}
 f - 2 potions of magic {unknown}
 j - a potion of heal wounds {unknown}
 m - a potion of brilliance {unknown}


   Skills:
 + Level 0.1 Fighting
 + Level 0.4 Axes
 + Level 1.9 Dodging
 + Level 4.3 Stealth
 + Level 2.5 Spellcasting
 + Level 1.7 Conjurations
 + Level 4.3 Fire Magic


You had 5 spell levels left.
You knew the following spells:

 Your Spells              Type           Power      Damage    Failure   Level
a - Foxfire               Conj/Fire      52%        2x1d6     4%          1
b - Conjure Flame         Conj/Fire      13%        6-21      16%         3

Your spell library contained the following spells:

 Spells                   Type           Power      Damage    Failure   Level
 Scorch                   Fire           34%        2d7       4%          2
 Inner Flame              Hex/Fire       10%        N/A       22%         3
 Dazzling Flash           Conj/Hex       10%        N/A       34%         3
 Flame Wave               Conj/Fire      13%        2d6       45%         4
 Agony                    Necr           2%         N/A       99%         5
 Silence                  Hex/Air        1%         N/A       99%         5
 Conjure Ball Lightning   Conj/Air       2%         3x3d6     100%        6
 Discord                  Hex            1%         N/A       100%        8
 Disjunction              Tloc           1%         N/A       100%        8


Dungeon Overview and Level Annotations

Branches:
Dungeon (4/15)
 Temple: D:4-7

Altars:
Cheibriados
Makhleb
Nemelex Xobeh
Qazlal
Sif Muna
Vehumet
The Shining One

Shops:
D:1 [   D:4 [


Innate Abilities, Weirdness & Mutations

Your serpentine skin is tough. (AC +1)
You have supernaturally acute eyesight. (SInv)
Armour fits poorly on your strangely shaped body.
Your system is resistant to poisons. (rPois)
You cover ground very slowly.
You can spit poison.
You have a snake-like lower body.


Message History

You hear the slow rusting of a distant drain.
Found 9 arrows.
Found a fizzy silvery potion.
A kobold comes into view. It is wielding a +0 short sword.
Found 10 gold pieces.
Found Qasaff's Antique Armour Shoppe.
You now have 117 gold pieces (gained 10).
You hear the slow rusting of a very distant drain.
The kobold shouts!
The kobold hits you with a +0 short sword.
The kobold barely misses you.
The kobold hits you with a +0 short sword.
You closely miss the kobold.
The kobold hits you with a +0 short sword.
You hit the kobold.
You kill the kobold!
Sif Muna accepts your kill.
You see here a +0 short sword. 2 gnolls come into view.
The gnoll shouts!
You hear a shout!
The gnoll shouts!
A gnoll comes into view. It is wielding a +0 halberd.
The gnoll barely misses you.
You hit the gnoll.
The gnoll is lightly wounded.
You hear the rusting of a drain nearby.
The gnoll hits you from afar with a +0 spear.
The gnoll hits you with a +0 halberd.
You hit the gnoll but do no damage.
The gnoll is poisoned.
The gnoll is lightly wounded.
The gnoll closely misses you. The gnoll hits you with a +0 halberd!
You barely miss the gnoll.
The gnoll is lightly wounded.
The gnoll barely misses you. x2
The gnoll hits you from afar with a +0 halberd!
* * * LOW HITPOINT WARNING * * *
Casting: Foxfire (safe; 4% risk of failure)
Press: ? - help, Q - select action, (/) - cycle Dir - look around, f - activate You conjure some foxfire!
The gnoll hits you from afar with a +0 halberd!
You die...

## ## #. .# #.. ..#
#..###g.# #...gg..# #
#.# # #.##@##.#
#..v.v..# ####.#### #.#
####.####### #######
#........... ####.....#
#.##.##.###. .....###.#
#.##.##.##..
####.....####.##......#


You could see 3 gnolls.

Vanquished Creatures
  7 adders
  A worm (D:2)
  5 orcs (D:3)
  6 endoplasms
  3 giant cockroaches
  5 hobgoblins
  A quokka (D:2)
  5 ball pythons
  3 bats
  2 frilled lizards (D:3)
  7 goblins
  7 kobolds
  5 rats
57 creatures vanquished.

Vanquished Creatures (others)
  126 foxfires
126 creatures vanquished.

Grand Total: 183 creatures vanquished

Notes
Turn   | Place    | Note
-------+----------+-------------------------------------------
     0 | D:1      | Sabo the Naga Fire Elementalist began the quest for the
                  | Orb.
     0 | D:1      | Reached XP level 1. HP: 15/15 MP: 3/3
   194 | D:1      | Reached XP level 2. HP: 20/22 MP: 5/5
   490 | D:1      | Found Huaffe's Antique Armour Shoppe.
   702 | D:1      | Found a faded altar of an unknown god.
   853 | D:1      | Prayed at the altar of an unknown god.
   853 | D:1      | Became a worshipper of Sif Muna the Loreminder
   853 | D:1      | Reached * piety under Sif Muna
  1217 | D:2      | Reached XP level 3. HP: 14/28 MP: 1/6
  2826 | D:3      | Reached XP level 4. HP: 36/36 MP: 4/7
  2858 | D:3      | Learned a level 3 spell: Conjure Flame
  3014 | D:3      | Found a sparkling altar of Nemelex Xobeh.
  3110 | D:3      | Found a stormy altar of Qazlal.
  3110 | D:3      | Found a radiant altar of Vehumet.
  3111 | D:3      | Found a snail-covered altar of Cheibriados.
  3113 | D:3      | Found a glowing golden altar of the Shining One.
  3114 | D:3      | Found a burning altar of Makhleb.
  3518 | D:3      | Reached XP level 5. HP: 26/42 MP: 4/8
  4276 | D:4      | Found Qasaff's Antique Armour Shoppe.
  4328 | D:4      | Mangled by a gnoll

Illustrated notes

Levels and vault maps discovered:
D:1:      lightli_molten_gateway, layout_basic,
          ebering_ecumenical_altar_petrified, serial_shops, shop
D:2:      layout_basic
D:3:      layout_loops_ring, nemelex_xobeh_ov_fountains_minmay,
          grunt_temple_overflow_open, serial_park_tiny_1
D:4:      layout_loops_cross, portal_sewer_entry_a, serial_shops,
          shop_fountains, uniq_grinder, uniq_duvessa

Skill      XL: |  1  2  3 |
---------------+----------+-----
Stealth        | 4 |  4.3
Fire Magic     | 4 |  4.3
Fighting       | |  0.1
Axes           | |  0.4
Dodging        | |  1.9
Spellcasting   | |  2.5
Conjurations   | |  1.7

Action                   |  1- 3 |  4- 6 || total
-------------------------+-------+-------++-------
Melee: Short sword       |     3 |     8 ||    11
       Hand axe          |     7 |    10 ||    17
 Cast: Foxfire           |    43 |    30 ||    73
       Conjure Flame     |       |     1 ||     1
  Use: Scroll            |     6 |     1 ||     7
 Stab: Sleeping          |     1 |     1 ||     2
Armor: Robe              |    10 |    16 ||    26
Dodge: Dodged            |    31 |    33 ||    64

Table legend: (Time is in decaauts)
 A = Elapsed time spent in this place.
 B = Non-inter-level travel time spent in this place.
 C = Inter-level travel time spent in this place.
 D = Time resting spent in this place.
 E = Time spent auto-exploring this place.
 F = Levels seen in this place.
 G = Mean time per level.
                   A        B        C        D        E       F      G
               +--------+--------+--------+--------+--------+-----+--------+
         Total |   5352 |   5352 |      0 |   1584 |      0 |   4 | 1338.0 |
       Dungeon |   5352 |   5352 |      0 |   1584 |      0 |   4 | 1338.0 |
               +--------+--------+--------+--------+--------+-----+--------+

Top non-repeatable levels by time:
     D:3: 1917 daAuts
     D:2: 1837 daAuts
     D:1: 1440 daAuts
     D:4: 156 daAuts
